 Dungeon Crawl Stone Soup version 0.28.0-53-g5a82cb258f (webtiles) character file.

Game seed: 13453593729927226650

49 DildoBatman the Conjurer (level 4, -2/32 HPs)
             Began as a Formicid Conjurer on July 14, 2022.
             Slain by a rat (3 damage)
             ... on level 3 of the Dungeon.
             The game lasted 00:02:39 (1183 turns).

DildoBatman the Conjurer (Formicid Conjurer)        Turns: 1183, Time: 00:02:39

Health: -2/32      AC: 11    Str: 12    XL:     4   Next: 1%
Magic:  8/8        EV: 10    Int: 17    God:
Gold:   57         SH:  0    Dex: 11    Spells: 5/8 levels left

rFire   . . .      SeeInvis +   f - +0 short sword
rCold   . . .      Faith    +   (no shield)
rNeg    . . .      Spirit   .   m - +4 ring mail
rPois   .          Reflect  .   (helmet unavailable)
rElec   .          Harm     .   c - +0 cloak
rCorr   .          Rampage  .   (no gloves)
Will    .....                   i - +0 pair of boots
Stlth   +.........              g - amulet of faith
HPRegen 0.10/turn               (no ring)
MPRegen 0.11/turn               (no ring)

@: no status effects
A: permanent stasis, dig shafts and tunnels, antennae 3, four strong arms
a: Dig, Shaft Self


You were on level 3 of the Dungeon.
You visited 1 branch of the dungeon, and saw 3 of its levels.

You collected 57 gold pieces.

Inventory:

Hand Weapons
 d - a +0 dagger
 f - a +0 short sword (weapon)
Missiles
 e - 28 stones
 n - 24 sling bullets
Armour
 a - a +0 robe
 c - a +0 cloak (worn)
 i - a +0 pair of boots (worn)
 m - a +4 ring mail (worn)
Jewellery
 g - an amulet of faith (around neck)
Scrolls
 h - a scroll of identify {unknown}
 o - a scroll of summoning {unknown}
Potions
 b - a potion of curing {unknown}
 j - a potion of mutation {unknown}
 k - a potion of attraction {unknown}
 l - 3 potions of flight {unknown}


   Skills:
 * Level 1.5 Fighting
 * Level 1.4 Armour
 - Level 2.0 Dodging
 - Level 2.4 Stealth
 * Level 2.7 Spellcasting
 * Level 3.9 Conjurations


You had 5 spell levels left.
You knew the following spells:

 Your Spells              Type           Power      Damage    Failure   Level
a - Searing Ray           Conj           30%        2d5       12%         2
c - Magic Dart            Conj           60%        1d6       8%          1

Your spell library contained the following spells:

 Spells                   Type           Power      Damage    Failure   Level
 Dazzling Flash           Conj/Hex       18%        N/A       47%         3
 Fulminant Prism          Conj/Hex       4%         3d6       87%         4
 Iskenderun's Mystic Bla  Conj/Tloc      9%         2d4       87%         4


Dungeon Overview and Level Annotations

Branches:
Dungeon (2/15)

Altars:

Shops:
D:2 *


Innate Abilities, Weirdness & Mutations

You cannot be hasted, slowed, berserked, paralysed or teleported.
You can dig through walls and to a lower floor.
You have a pair of large antennae on your head. (SInv)
Your four strong arms can wield two-handed weapons with a shield.


Message History

Orders for allies: a - Attack new target. r - Retreat! s - Stop attacking. g - Guard the area. f - Follow me.
Anything else - Cancel.
You shout for attention!
The rat barely misses you. The rat bites you but does no damage.
The rat closely misses you.
The hobgoblin hits you but does no damage.
What are your orders? t - Shout!
Orders for allies: a - Attack new target. r - Retreat! s - Stop attacking. g - Guard the area. f - Follow me.
Anything else - Cancel.
You shout for attention!
The rat closely misses you. The rat bites you but does no damage.
The rat barely misses you.
The hobgoblin hits you but does no damage.
What are your orders? t - Shout!
Orders for allies: a - Attack new target. r - Retreat! s - Stop attacking. g - Guard the area. f - Follow me.
Anything else - Cancel.
You shout for attention!
The rat bites you. The rat closely misses you. The rat barely misses you.
The hobgoblin hits you but does no damage.
What are your orders? t - Shout!
Orders for allies: a - Attack new target. r - Retreat! s - Stop attacking. g - Guard the area. f - Follow me.
Anything else - Cancel.
You shout for attention!
The rat bites you.
You die...

######### #..
........# #..
........##..###
..............>
.............
.......K...#
......rrr.#
.....rg@#{
..##.#### {


You could see a hobgoblin, a kobold and 4 rats.

Vanquished Creatures
  An adder (D:2)
  A dart slug (D:1)
  4 ball pythons
  3 bats
  4 endoplasms
  4 goblins
  4 hobgoblins
  3 jackals (D:1)
  2 quokkas (D:2)
  3 kobolds (D:1)
  2 rats (D:1)
31 creatures vanquished.

Notes
Turn   | Place    | Note
-------+----------+-------------------------------------------
     0 | D:1      | DildoBatman the Formicid Conjurer began the quest for the
                  | Orb.
     0 | D:1      | Reached XP level 1. HP: 13/13 MP: 3/3
   205 | D:1      | Reached XP level 2. HP: 18/20 MP: 1/5
   216 | D:1      | Learned a level 2 spell: Searing Ray
   325 | D:1      | Reached skill level 1 in Fighting
   325 | D:1      | Reached skill level 1 in Armour
   479 | D:1      | Reached XP level 3. HP: 24/26 MP: 4/6
   788 | D:2      | Found Boovveth's Assorted Antiques.
   892 | D:2      | Found a faded altar of an unknown god.
  1121 | D:2      | Reached XP level 4. HP: 27/32 MP: 6/8
  1123 | D:2      | You fall into a shaft and drop 1 floor!
  1176 | D:3      | HP: 1/32 [rat (1)]
  1182 | D:3      | HP: 1/32 [rat (1)]
  1183 | D:3      | Slain by a rat

Illustrated notes

Levels and vault maps discovered:
D:1:      eino_arrival_tree_alley, layout_rooms, minmay_misc_feat_ornament
D:2:      minmay_chambers_of_ones, layout_basic, serial_shops,
          nicolae_shop_waterfront, shapermc_ecumenical_altar_acropolis
D:3:      layout_rooms, nicolae_figureground_pulse

Skill      XL: |  1  2 |
---------------+-------+-----
Dodging        | 2 |  2.0
Fighting       | 1 |  1.5
Armour         | 1 |  1.4
Stealth        | |  2.4
Spellcasting   | |  2.7
Conjurations   | |  3.9

Action                   |  1- 3 |  4- 6 || total
-------------------------+-------+-------++-------
Melee: Unarmed           |     3 |       ||     3
       Dagger            |     2 |       ||     2
       Short sword       |    55 |       ||    55
 Cast: Magic Dart        |    32 |       ||    32
       Searing Ray       |     2 |       ||     2
 Abil: Shaft Self        |       |     1 ||     1
Armor: Robe              |    10 |       ||    10
       Ring mail         |    31 |    82 ||   113
Dodge: Dodged            |    47 |    87 ||   134
